Workbook

Sheet Welcome
B2: Understanding Your Financial Health using Ratio Analysis | C2: By: Jeffrey E. Tranel, R. Brent Young, and Jenny Beiermann, Agriculture and Business Management Economists September 2020 https://wr.colostate.edu/ABM/
B4: Measuring your financial health is much like the process doctors and nurses use to measure your medical health. When you go to the doctor for a check-up, they gather information; i.e. your blood pressure, your temperature, your pulse, and any other information they deem necessary for determining your medical health. Each measure has some general guidelines of what the measure should be. For example, the temperature for a healthy adult should be between 97.8 and 99.1. Anything outside this range might indicate a potential health problem. It does not indicate what the problem is, but gives the doctor and patient an indicator that some action may be necessary to correct the problem. Financial analysis allows producers to assess the business’s financial health and chart its progress. The analysis identifies any strengths and weaknesses and where action may be necessary to correct a problem. Management can use the information to assist in decision making and goal setting to compare business performance to previous years and similar operations. Financial Analysis will help (1) measure and identify the financial strengths and weaknesses of a business; (2) provide an "early warning system" of developing financial problems; (3) assist managers in decision-making; (4) help lenders and creditors evaluate credit risk (worthiness) when acquiring a loan; and answer basic financial questions such as how well will I be able to pay my bills on time without disrupting normal operations? How do my profits compare to my neighbors or similar operations? How did profits this year compare with profits in past years? How efficiently am I using my land and other assets to generate revenues? A group of industry experts began working together in 1990 to promote uniformity in financial reporting and analysis for agriculture, now called the Farm Financial Standards Council. They developed Financial Guidelines for Agricultural Producers. The recommended measures were categorized into five broad categories: Liquidity, Solvency, Profitability, Financial Efficiency, and Repayment Capacity. Benchmarks, guidelines or general rules of thumb related to a specific industry, help make financial ratios even more powerful as measures of financial health. However, there is no single fixed number considered normal, but the benchmark range allows the doctor to interpret the measure and to decide if further action is required. Variations will occur between size of operations, owned versus leased, types of operation, location of operation, and other factors. The benchmarks are meant to be only a guideline for comparison purposes. Each farm operator should establish specific benchmarks for their specific farm situation. The correlated benchmarks are presented in terms of green, yellow and red lights. A green light represents a financial strength with low risk. A yellow light corresponds to moderate risk, and a red light means weakness and high risk. A green light doesn’t guarantee success, nor does a red light imply failure. A weakness in one area may be overcome by strengths in other areas. Trends, the direction or tendency a ratio exhibits after 2 or more years, provide insight into financial performance, but trends in the ratios are even more useful. Monitoring trends can provide a warning system if the ratios are worsening. Erratic financial performance should also be watched as it may indicate a sign of instability due to management problems or other factors.

Sheet Data Input
B2: Producer's Name | C2: Enter Your Name Here | J2: First Year | L2: 2020
D4: Year 1 | F4: Year 2 | H4: Year 3 | J4: Year 4 | L4: Year 5
D5: =L2 -> 2020 | F5: =D5+1 -> 2021 | H5: =F5+1 -> 2022 | J5: =H5+1 -> 2023 | L5: =J5+1 -> 2024
B7: Balance Sheet Information
B8: Value of Current Assets | D8: 0 | F8: 0 | H8: 0 | J8: 0 | L8: 0
B9: Value of Long-term Assets | D9: 0 | F9: 0 | H9: 0 | J9: 0 | L9: 0
B10: Current Liabilities | D10: 0 | F10: 0 | H10: 0 | J10: 0 | L10: 0
B11: Carry-over Operating Debt | D11: 0 | F11: 0 | H11: 0 | J11: 0 | L11: 0
B12: Total Debt | D12: 0 | F12: 0 | H12: 0 | J12: 0 | L12: 0
B13: Total Scheduled Debt Payments | D13: 0 | F13: 0 | H13: 0 | J13: 0 | L13: 0
B14: Net Worth (Equity) | D14: 0 | F14: 0 | H14: 0 | J14: 0 | L14: 0
B15: Income Statement Information
B16: Value of Production (Gross Farm Income) | D16: 0 | F16: 0 | H16: 0 | J16: 0 | L16: 0
B17: Total Expenses | D17: 0 | F17: 0 | H17: 0 | J17: 0 | L17: 0
B18: Value of Unpaid Family Labor | D18: 0 | F18: 0 | H18: 0 | J18: 0 | L18: 0
B19: Interest Expense | D19: 0 | F19: 0 | H19: 0 | J19: 0 | L19: 0
B20: Depreciation Expense | D20: 0 | F20: 0 | H20: 0 | J20: 0 | L20: 0
B21: Capital Lease Payments | D21: 0 | F21: 0 | H21: 0 | J21: 0 | L21: 0
B22: Other Information
B23: Income and Self-Employment Taxes | D23: 0 | F23: 0 | H23: 0 | J23: 0 | L23: 0
B24: Non-farm Income Available to the Farm | D24: 0 | F24: 0 | H24: 0 | J24: 0 | L24: 0
B25: Family Living Expenses | D25: 0 | F25: 0 | H25: 0 | J25: 0 | L25: 0

Sheet Ratios
B1: Ratio Analysis Over Time
C3: ='Data Input'!D5 -> 2020 | E3: ='Data Input'!F5 -> 2021 | G3: ='Data Input'!H5 -> 2022 | I3: ='Data Input'!J5 -> 2023 | K3: ='Data Input'!L5 -> 2024
B5: Liquidity Indicators
B6: Current Ratio | C6: ='Data Input'!$D$8/'Data Input'!$D$10 -> #DIV/0! | E6: ='Data Input'!$F$8/'Data Input'!$F$10 -> #DIV/0! | G6: ='Data Input'!H8/'Data Input'!H10 -> #DIV/0! | I6: ='Data Input'!J8/'Data Input'!J10 -> #DIV/0! | K6: ='Data Input'!L8/'Data Input'!L10 -> #DIV/0!
B7: Working Capital | C7: ='Data Input'!D8-'Data Input'!D10 -> 0 | E7: ='Data Input'!F8-'Data Input'!F10 -> 0 | G7: ='Data Input'!H8-'Data Input'!H10 -> 0 | I7: ='Data Input'!J8-'Data Input'!J10 -> 0 | K7: ='Data Input'!L8-'Data Input'!L10 -> 0
B9: Solvency Indicators
B10: Debt to Asset Ratio | C10: ='Data Input'!D12/('Data Input'!D8+'Data Input'!D9) -> #DIV/0! | E10: ='Data Input'!F12/('Data Input'!F8+'Data Input'!F9) -> #DIV/0! | G10: ='Data Input'!H12/('Data Input'!H8+'Data Input'!H9) -> #DIV/0! | I10: ='Data Input'!J12/('Data Input'!J8+'Data Input'!J9) -> #DIV/0! | K10: ='Data Input'!L12/('Data Input'!L8+'Data Input'!L9) -> #DIV/0!
B11: Equity to Asset Ratio | C11: ='Data Input'!D14/('Data Input'!D8+'Data Input'!D9) -> #DIV/0! | E11: ='Data Input'!F14/('Data Input'!F8+'Data Input'!F9) -> #DIV/0! | G11: ='Data Input'!H14/('Data Input'!H8+'Data Input'!H9) -> #DIV/0! | I11: ='Data Input'!J14/('Data Input'!J8+'Data Input'!J9) -> #DIV/0! | K11: ='Data Input'!L14/('Data Input'!L8+'Data Input'!L9) -> #DIV/0!
B12: Debt to Equity | C12: ='Data Input'!D12/'Data Input'!D14 -> #DIV/0! | E12: ='Data Input'!F12/'Data Input'!F14 -> #DIV/0! | G12: ='Data Input'!H12/'Data Input'!H14 -> #DIV/0! | I12: ='Data Input'!J12/'Data Input'!J14 -> #DIV/0! | K12: ='Data Input'!L12/'Data Input'!L14 -> #DIV/0!
B14: Profitability Indicators
B15: Rate of Return on Assets | C15: =(('Data Input'!D16-'Data Input'!D17)+'Data Input'!D19-'Data Input'!D18)/('Data Input'!D8+'Data Input'!D9) -> #DIV/0! | E15: =(('Data Input'!F16-'Data Input'!F17)+'Data Input'!F19-'Data Input'!F18)/('Data Input'!F8+'Data Input'!F9) -> #DIV/0! | G15: =(('Data Input'!H16-'Data Input'!H17)+'Data Input'!H19-'Data Input'!H18)/('Data Input'!H8+'Data Input'!H9) -> #DIV/0! | I15: =(('Data Input'!J16-'Data Input'!J17)+'Data Input'!J19-'Data Input'!J18)/('Data Input'!J8+'Data Input'!J9) -> #DIV/0! | K15: =(('Data Input'!L16-'Data Input'!L17)+'Data Input'!L19-'Data Input'!L18)/('Data Input'!L8+'Data Input'!L9) -> #DIV/0!
B16: Rate of Return on Equity | C16: =('Data Input'!D16-'Data Input'!D17-'Data Input'!D18)/'Data Input'!D14 -> #DIV/0! | E16: =('Data Input'!F16-'Data Input'!F17-'Data Input'!F18)/'Data Input'!F14 -> #DIV/0! | G16: =('Data Input'!H16-'Data Input'!H17-'Data Input'!H18)/'Data Input'!H14 -> #DIV/0! | I16: =('Data Input'!J16-'Data Input'!J17-'Data Input'!J18)/'Data Input'!J14 -> #DIV/0! | K16: =('Data Input'!L16-'Data Input'!L17-'Data Input'!L18)/'Data Input'!L14 -> #DIV/0!
B17: Operating Profit Margin | C17: =('Data Input'!D16-'Data Input'!D17+'Data Input'!D19-'Data Input'!D18)/'Data Input'!D16 -> #DIV/0! | E17: =('Data Input'!F16-'Data Input'!F17+'Data Input'!F19-'Data Input'!F18)/'Data Input'!F16 -> #DIV/0! | G17: =('Data Input'!H16-'Data Input'!H17+'Data Input'!H19-'Data Input'!H18)/'Data Input'!H16 -> #DIV/0! | I17: =('Data Input'!J16-'Data Input'!J17+'Data Input'!J19-'Data Input'!J18)/'Data Input'!J16 -> #DIV/0! | K17: =('Data Input'!L16-'Data Input'!L17+'Data Input'!L19-'Data Input'!L18)/'Data Input'!L16 -> #DIV/0!
B19: Financial Efficiency Indicators
B20: Asset Turnover Ratio | C20: ='Data Input'!D16/('Data Input'!D8+'Data Input'!D9) -> #DIV/0! | E20: ='Data Input'!F16/('Data Input'!F8+'Data Input'!F9) -> #DIV/0! | G20: ='Data Input'!H16/('Data Input'!H8+'Data Input'!H9) -> #DIV/0! | I20: ='Data Input'!J16/('Data Input'!J8+'Data Input'!J9) -> #DIV/0! | K20: ='Data Input'!L16/('Data Input'!L8+'Data Input'!L9) -> #DIV/0!
B21: Operating Expense Ratio | C21: =('Data Input'!D17-'Data Input'!D20)/'Data Input'!D16 -> #DIV/0! | E21: =('Data Input'!F17-'Data Input'!F20)/'Data Input'!F16 -> #DIV/0! | G21: =('Data Input'!H17-'Data Input'!H20)/'Data Input'!H16 -> #DIV/0! | I21: =('Data Input'!J17-'Data Input'!J20)/'Data Input'!J16 -> #DIV/0! | K21: =('Data Input'!L17-'Data Input'!L20)/'Data Input'!L16 -> #DIV/0!
B22: Interest Expense Ratio | C22: ='Data Input'!D19/'Data Input'!D16 -> #DIV/0! | E22: ='Data Input'!F19/'Data Input'!F16 -> #DIV/0! | G22: ='Data Input'!H19/'Data Input'!H16 -> #DIV/0! | I22: ='Data Input'!J19/'Data Input'!J16 -> #DIV/0! | K22: ='Data Input'!L19/'Data Input'!L16 -> #DIV/0!
B24: Repayment Capacity Indicators
B25: Term Debt and Capital Lease Ratio | C25: =('Data Input'!$D$16+'Data Input'!$D$24+'Data Input'!$D$20+'Data Input'!$D$19-'Data Input'!$D$23-'Data Input'!$D$25)/('Data Input'!$D$13+'Data Input'!$D$21) -> #DIV/0! | E25: =('Data Input'!$F$16+'Data Input'!$F$24+'Data Input'!$F$20-'Data Input'!$F$25-'Data Input'!$F$23)/('Data Input'!$F$13+'Data Input'!$F$21) -> #DIV/0! | G25: =('Data Input'!$H$16+'Data Input'!$H$24+'Data Input'!$H$20+'Data Input'!$H$19-'Data Input'!$H$25-'Data Input'!$H$23)/('Data Input'!$H$13+'Data Input'!$H$21) -> #DIV/0! | I25: =('Data Input'!$J$16+'Data Input'!$J$24+'Data Input'!$J$20+'Data Input'!$J$19-'Data Input'!$J$25-'Data Input'!$J$23)/('Data Input'!$J$13+'Data Input'!$J$21) -> #DIV/0! | K25: =('Data Input'!$L$16+'Data Input'!$L$24+'Data Input'!$L$20+'Data Input'!$L$19-'Data Input'!$L$25-'Data Input'!$L$23)/('Data Input'!$L$13+'Data Input'!$L$21) -> #DIV/0!
B26: Capital Debt Repayment Capacity | C26: =('Data Input'!$D$16-'Data Input'!$D$17+'Data Input'!$D$20-'Data Input'!$D$25-'Data Input'!$D$23) -> 0 | E26: =('Data Input'!$F$16-'Data Input'!$F$17+'Data Input'!$F$20-'Data Input'!$F$25-'Data Input'!$F$23) -> 0 | G26: =('Data Input'!$H$16-'Data Input'!$H$17+'Data Input'!$H$20-'Data Input'!$H$25-'Data Input'!$H$23) -> 0 | I26: =('Data Input'!$J$16-'Data Input'!$J$17+'Data Input'!$J$20-'Data Input'!$J$25-'Data Input'!$J$23) -> 0 | K26: =('Data Input'!$L$16-'Data Input'!$L$17+'Data Input'!$L$20-'Data Input'!$L$25-'Data Input'!$L$23) -> 0

Sheet Liquidity
C2: Liquity measures the ability of a farm/ranch business to meet financial obligations as they come due in the ordinary course of business, without disrupting the normal operations of the business.
C4: Current Ratio - an indicator of the extent to which current farm/ranch assets, if liquidated, would cover current farm/ranch liabilities. The higher the ratio, the greater the liquidity. | H4: Your Ratios
H5: =Ratios!$C$3 -> 2020 | I5: =Ratios!$E$3 -> 2021 | J5: =Ratios!$G$3 -> 2022 | K5: =Ratios!$I$3 -> 2023 | L5: =Ratios!$K$3 -> 2024
H6: =Ratios!C6 -> #DIV/0! | I6: =Ratios!E6 -> #DIV/0! | J6: =Ratios!G6 -> #DIV/0! | K6: =Ratios!I6 -> #DIV/0! | L6: =Ratios!K6 -> #DIV/0!
C7: How to calculate? Current Farm Assets / Current Farm Liabilities.
C9: What are the industry standards? | D9: Green > 1.50 | E9: Yellow 1.00 - 1.50 | F9: Red < 1.00
C11: Possible Actions for Improvement: Increase sales, decrease short term debt and other financial obligations, restructure debt to better reflect current assets, and evaluate a marketing plan to better time cash inflows and outflows.
C15: Working Capital - an indicator of sufficient current assets to cover all short term obligations, i.e. ability to pay one's bills on time. | H15: Your Ratios
H16: =Ratios!$C$3 -> 2020 | I16: =Ratios!$E$3 -> 2021 | J16: =Ratios!$G$3 -> 2022 | K16: =Ratios!$I$3 -> 2023 | L16: =Ratios!$K$3 -> 2024
H17: =Ratios!C7 -> 0 | I17: =Ratios!E7 -> 0 | J17: =Ratios!G7 -> 0 | K17: =Ratios!I7 -> 0 | L17: =Ratios!K7 -> 0
C18: How to calculate? Current Farm Assets - Current Farm Liabilities.
C20: What are the industry standards? | D20: Green | E20: Yellow | F20: Red
E21: Compare with business expenses.
E22: Amount varies by size of operation.
C24: Possible Actions for Improvement: Increase sales, decrease short term debt and other financial obligations, restructure debt to better reflect current assets, and evaluate a marketing plan to better time cash inflows and outflows.

Sheet Solvency
C2: Solvency measures the amount of debt and other expense obligations used in the farm/ranch business relative to the amount of owner equity invested in the business. Solvency ratios provide an indication of the business's ability to repay all financial obligations if all assets were sold. Solvency ratios also provide an indication of the ability to continue operations as a viable farm/ranch business after a financial adversity, such as a major drought. There are threecommonly used ratios and values that measure solvency.
C4: Debt to Asset Ratio - an indicator of the long run ability of the farm/ranch business to pay all obligations and its ability to withstand adversity. Also, it is a measure of the proportion of total farm assets owed to creditors. | H4: Your Ratios
H5: =Ratios!$C$3 -> 2020 | I5: =Ratios!$E$3 -> 2021 | J5: =Ratios!$G$3 -> 2022 | K5: =Ratios!$I$3 -> 2023 | L5: =Ratios!$K$3 -> 2024
H6: =Ratios!C10 -> #DIV/0! | I6: =Ratios!E10 -> #DIV/0! | J6: =Ratios!G10 -> #DIV/0! | K6: =Ratios!I10 -> #DIV/0! | L6: =Ratios!K10 -> #DIV/0!
C7: How to calculate? Current Farm Liabilities. / Total Farm Assets
C9: What are the industry standards? | D9: Green < 30% | E9: Yellow 30% - 70% | F9: Red > 70%
C11: Possible Actions for Improvement: Increase operating profits, make additional principal payments on term debt, avoid unnecessary capital expenditures, and reduce family living withdrawals.
C15: Equity to Asset Ratio - an indicator of the long run ability of the farm/ranch business to pay all obligations and its ability to withstand adversity. Also, it is a measure of the proportion of total farm assets owed to creditors. | H15: Your Ratios
H16: =Ratios!$C$3 -> 2020 | I16: =Ratios!$E$3 -> 2021 | J16: =Ratios!$G$3 -> 2022 | K16: =Ratios!$I$3 -> 2023 | L16: =Ratios!$K$3 -> 2024
H17: =Ratios!C11 -> #DIV/0! | I17: =Ratios!E11 -> #DIV/0! | J17: =Ratios!G11 -> #DIV/0! | K17: =Ratios!I11 -> #DIV/0! | L17: =Ratios!K11 -> #DIV/0!
C18: How to calculate? Current Farm Assets - Current Farm Liabilities
C20: What are the industry standards? | D20: Green > 70% | E20: Yellow 30% - 70% | F20: Red < 30%
C22: Possible Actions for Improvement: Increase operating profits, make additional principal payments on term debt, avoid unnecessary capital expenditures, and reduce family living withdrawals.
C26: Debt to Equity Ratio - a measure of financial position and the extent to which farm/ranch debt capital is being combined with equity capital. The higher the ratio the more total capital has been supplied by creditors and less by the owner. | H26: Your Ratios
H27: =Ratios!$C$3 -> 2020 | I27: =Ratios!$E$3 -> 2021 | J27: =Ratios!$G$3 -> 2022 | K27: =Ratios!$I$3 -> 2023 | L27: =Ratios!$K$3 -> 2024
H28: =Ratios!C12 -> #DIV/0! | I28: =Ratios!E12 -> #DIV/0! | J28: =Ratios!G12 -> #DIV/0! | K28: =Ratios!I12 -> #DIV/0! | L28: =Ratios!K12 -> #DIV/0!
C29: How to calculate? Total Liabilities / Total Equity
C31: What are the industry standards? | D31: Green < 42% | E31: Yellow 42% - 230% | F31: Red > 230%
C33: Possible Actions for Improvement: Increase operating profits, make additional principal payments on term debt, avoid unnecessary capital expenditures, and reduce family living withdrawals.

Sheet Profitability
C2: Profitability measures the extent to which a farm/ranch business generates a profit from the use of land, labor, management, and capital.
C4: Rate of Return on Assets - an overall measure of profitability of the farm/ranch business. The higher the value, the more profitable the farm/ranch business. | H4: Your Ratios
H5: =Ratios!$C$3 -> 2020 | I5: =Ratios!$E$3 -> 2021 | J5: =Ratios!$G$3 -> 2022 | K5: =Ratios!$I$3 -> 2023 | L5: =Ratios!$K$3 -> 2024
H6: =Ratios!C15 -> #DIV/0! | I6: =Ratios!E15 -> #DIV/0! | J6: =Ratios!G15 -> #DIV/0! | K6: =Ratios!I15 -> #DIV/0! | L6: =Ratios!K15 -> #DIV/0!
C7: How to calculate? (Net Income + Interest Expense - Unpaid Family Labor) / Average Value of Assets
C10: What are the industry standards? | D10: Green > 5% | E10: Yellow 1% - 5% | F10: Red < 1%
C12: Possible Actions For Improvement: Increase the value of production, reduce production costs where prudent, control or reduce family living withdrawals, improve marketing practices, properly structure debt to revenue generation.
C16: Rate of Return on Equity Ratio - a measure of the return on owner's equity capital employed in the farm/ranch business. The higher the value, the more profitable the farm/ranch business. | H16: Your Ratios
H17: =Ratios!$C$3 -> 2020 | I17: =Ratios!$E$3 -> 2021 | J17: =Ratios!$G$3 -> 2022 | K17: =Ratios!$I$3 -> 2023 | L17: =Ratios!$K$3 -> 2024
H18: =Ratios!C16 -> #DIV/0! | I18: =Ratios!E16 -> #DIV/0! | J18: =Ratios!G16 -> #DIV/0! | K18: =Ratios!I16 -> #DIV/0! | L18: =Ratios!K16 -> #DIV/0!
C19: How to calculate? (Net Income + Interest Expense - Unpaid Family Labor) / Average Equity
C22: What are the industry standards? | D22: Green | E22: Yellow | F22: Red
E23: Look at trends and compare to other
E24: farm/ranch and non-farm investments.
C26: Possible Actions For Improvement: Increase the value of production, reduce production costs where prudent, control or reduce family living withdrawals, improve marketing practices, properly structure debt to revenue generation.
C30: Operating Profit Margin Ratio - a measure of profitability in terms of return per dollar of total farm production. | H30: Your Ratios
H31: =Ratios!$C$3 -> 2020 | I31: =Ratios!$E$3 -> 2021 | J31: =Ratios!$G$3 -> 2022 | K31: =Ratios!$I$3 -> 2023 | L31: =Ratios!$K$3 -> 2024
H32: =Ratios!C17 -> #DIV/0! | I32: =Ratios!E17 -> #DIV/0! | J32: =Ratios!G17 -> #DIV/0! | K32: =Ratios!I17 -> #DIV/0! | L32: =Ratios!K17 -> #DIV/0!
C33: How to calculate? (Net Income + Interest Expense - Unpaid Family Labor) / Value of Production
C35: What are the industry standards? | D35: Green > 25% | E35: Yellow 10% - 25% | F35: Red < 10%
C37: Possible Actions For Improvement: Increase the value of production, reduce production costs where prudent, control or reduce family living withdrawals, improve marketing practices, properly structure debt to revenue generation.

Sheet Financial Efficiency
C2: Financial Efficiency measures the intensity with which a farm/ranch business uses its assets to generate value of production and the effectiveness of production, purchasing, pricing, financing, and marketing decisions.
C4: Asset Turnover Ratio - a measure of how efficiently farm/ranch assets are being used to generate revenue. The higher the ratio value, the more efficiently assets are being used to generate revenue. | H4: Your Ratios
H5: =Ratios!$C$3 -> 2020 | I5: =Ratios!$E$3 -> 2021 | J5: =Ratios!$G$3 -> 2022 | K5: =Ratios!$I$3 -> 2023 | L5: =Ratios!$K$3 -> 2024
H6: =Ratios!C20 -> #DIV/0! | I6: =Ratios!E20 -> #DIV/0! | J6: =Ratios!G20 -> #DIV/0! | K6: =Ratios!I20 -> #DIV/0! | L6: =Ratios!K20 -> #DIV/0!
C7: How to calculate? Value of Production / Average Value of Assets
C9: What are the industry standards? | D9: Green | E9: Yellow | F9: Red
E10: Depends greatly on the type of operation
E11: and whether assets are owned or leased.
C13: Possible Actions For Improvement: Increase the value of production, reduce production costs where prudent, control or reduce family living withdrawals, improve marketing practices, properly structure debt to revenue generation.
C17: Operating Expense Ratio - a measure of what proportion of gross revenues is used to pay all cash operating expenses. | H17: Your Ratios
H18: =Ratios!$C$3 -> 2020 | I18: =Ratios!$E$3 -> 2021 | J18: =Ratios!$G$3 -> 2022 | K18: =Ratios!$I$3 -> 2023 | L18: =Ratios!$K$3 -> 2024
H19: =Ratios!C16 -> #DIV/0! | I19: =Ratios!E16 -> #DIV/0! | J19: =Ratios!G16 -> #DIV/0! | K19: =Ratios!I16 -> #DIV/0! | L19: =Ratios!K16 -> #DIV/0!
C20: How to calculate? (Total Operating Expenses - Depreciation) / Value of Production
C23: What are the industry standards? | D23: Green < 65% | E23: Yellow 75% - 85% | F23: Red > 85%
C25: Possible Actions For Improvement: Increase the value of production, reduce production costs where prudent, control or reduce family living withdrawals, improve marketing practices, properly structure debt to revenue generation.
C29: Operating Profit Margin Ratio - a measure of profitability in terms of return per dollar of total farm production. | H29: Your Ratios
H30: =Ratios!$C$3 -> 2020 | I30: =Ratios!$E$3 -> 2021 | J30: =Ratios!$G$3 -> 2022 | K30: =Ratios!$I$3 -> 2023 | L30: =Ratios!$K$3 -> 2024
H31: =Ratios!C17 -> #DIV/0! | I31: =Ratios!E17 -> #DIV/0! | J31: =Ratios!G17 -> #DIV/0! | K31: =Ratios!I17 -> #DIV/0! | L31: =Ratios!K17 -> #DIV/0!
C32: How to calculate? (Net Income + Interest Expense - Unpaid Family Labor) / Value of Production
C35: What are the industry standards? | D35: Green > 25% | E35: Yellow 10% - 25% | F35: Red < 10%
C37: Possible Actions For Improvement: Increase the value of production, reduce production costs where prudent, control or reduce family living withdrawals, improve marketing practices, properly structure debt to revenue generation.

Sheet Repayment
C2: Repayment Analysis measures the ability of a borrower to repay term debt from farm/ranch income and from non-farm income.
C4: Term Debt and Capital Lease Coverage Ratio - an indicator of the extent to which current farm/ranch assets, if liquidated, would cover current farm/ranch liabilities. The higher the ratio, the greater the liquidity. | H4: Your Ratios
H5: =Ratios!$C$3 -> 2020 | I5: =Ratios!$E$3 -> 2021 | J5: =Ratios!$G$3 -> 2022 | K5: =Ratios!$I$3 -> 2023 | L5: =Ratios!$K$3 -> 2024
H6: =Ratios!C25 -> #DIV/0! | I6: =Ratios!E25 -> #DIV/0! | J6: =Ratios!G25 -> #DIV/0! | K6: =Ratios!I25 -> #DIV/0! | L6: =Ratios!K25 -> #DIV/0!
C7: How to calculate? Value of Production + Gross Non-Farm Revenue + Depreciation + Interest Expenses - Income and SE Taxes - Family Living) / Scheduled Annual Principal and Interest Payments on Term Debt and Capital Leases
C10: What are the industry standards? | D10: Green > 150% | E10: Yellow 110% - 150% | F10: Red < 110%
C12: Possible Actions For Improvement: Increase the value of production, reduce production costs where prudent, control or reduce family living withdrawals, improve marketing practices, properly structure debt to revenue generation.
C16: Capital Debt Repayment Capacity - a measure of the ability of the farm/ranch to cover debt and capital lease payments, replace assets, or to make alternative investments. | H16: Your Ratios
H17: =Ratios!$C$3 -> 2020 | I17: =Ratios!$E$3 -> 2021 | J17: =Ratios!$G$3 -> 2022 | K17: =Ratios!$I$3 -> 2023 | L17: =Ratios!$K$3 -> 2024
H18: =Ratios!C7 -> 0 | I18: =Ratios!E7 -> 0 | J18: =Ratios!G7 -> 0 | K18: =Ratios!I7 -> 0 | L18: =Ratios!K7 -> 0
C19: How to calculate? (Scheduled Annual Principal and Interest Payments on Term Debt + Capital Leases) / (Net Farm/Ranch Income + Gross Non-Farm Revenue + Depreciation + Interest on Term Debts)
C22: What are the industry standards? | D22: Green | E22: Yellow | F22: Red
E23: Compare with business expenses.
E24: Amount varies by size of operation.
C26: Possible Actions For Improvement: Increase the value of production, reduce production costs where prudent, control or reduce family living withdrawals, improve marketing practices, properly structure debt to revenue generation.
